[Event "European Rapid Championship 2021"]
[Site "Katowice"]
[Date "2021.12.18"]
[Round "4.14"]
[White "Sliwicka, Alicja"]
[Black "Gumularz, Szymon"]
[Result "0-1"]
[ECO "C00"]
[WhiteElo "2303"]
[BlackElo "2452"]
[Annotator "ChessBase"]
[PlyCount "72"]
[EventDate "2021.12.18"]
[EventType "swiss"]
[EventCountry "POL"]
[SourceTitle "playchess.com"]
[Source "ChessBase"]
[SourceQuality "1"]
[TimeControl "900+10"]

1. e4 e6 2. d4 a6 3. c4 d5 4. e5 c5 5. cxd5 exd5 6. Nc3 cxd4 7. Qxd4 Be6 8.
Nf3 Nc6 9. Qf4 Nge7 10. Bd3 d4 11. Ne4 Ng6 12. Qg3 Ngxe5 13. Nxe5 Qa5+ 14. Bd2 Qxe5 15. f4 Qd5 16. O-O Bf5 17. Rfe1 O-O-O 18. Rac1 Kb8 19. Bc4 Qd7 20. Ng5 Bb4 21. Bxb4 Nxb4 22. a3 d3 23. Nxf7 d2 24. Nxd8 Rxd8 25.
axb4 Qd4+ 26. Qf2 dxe1=R+ 27. Rxe1 Qxc4 28. Qh4 Qd4+ 29. Kh1 Ka7 30. h3 Qxb4 31. Re5 Rd1+ 32. Kh2 Qd4 33. Qe7 Qg1+ 34. Kg3 Rd3+ 35. Kh4 Qf2+ 36. Kh5 Bg6+ 0-1

[Event "European Rapid Championship 2021"]
[Site "Katowice"]
[Date "2021.12.18"]
[Round "4.15"]
[White "Krasenkow, Michal"]
[Black "Helis, Tadeusz"]
[Result "1-0"]
[ECO "E90"]
[WhiteElo "2576"]
[BlackElo "2155"]
[Annotator "ChessBase"]
[PlyCount "81"]
[EventDate "2021.12.18"]
[EventType "swiss"]
[EventCountry "POL"]
[SourceTitle "playchess.com"]
[Source "ChessBase"]
[SourceQuality "1"]
[TimeControl "900+10"]

1. d4 Nf6 2. c4 d6 3. Nc3 g6 4. e4 Bg7 5. Nf3 O-O 6. h3 e5 7. d5 a5 8. Bg5 Nbd7 9. Nd2 Nc5 10. Be2 Bd7 11. Nb3 b6 12. Nxc5 bxc5 13. Qd2 Qb8 14. O-O h6 15. Bxh6 Bxh6 16. Qxh6 Qxb2 17. Rac1 Rfb8 18. h4 Nh7 19. Qe3 Qb7 20. f4 exf4 21. Rxf4 Rf8 22. Rcf1 Rae8 23. Rb1 Qc8 24. Qg3 Kh8 25. Nd1 Re7 26. Nf2 Qe8 27. Qc3+ Kg8 28. Qxa5 Qa8 29. Qxc7 Qxa2 30. Bd3 Rfe8 31. Qxd6 Ba4 32. Qxc5 Bc2 33. Bxc2 Qxc2 34. Rf1 Qd2 35. Rf3 Qh6 36. d6 Rd7 37. Ng4 Qxh4 38. Ne5 Ng5 39. Nxd7 Nxf3+ 40. Rxf3 Qe1+ 41. Rf1 1-0

[Event "European Rapid Championship 2021"]
[Site "Katowice"]
[Date "2021.12.18"]
[Round "4.15"]
[White "Danielyan, Vahe"]
[Black "Cichon, Jakub"]
[Result "1-0"]
[ECO "C54"]
[WhiteElo "2198"]
[BlackElo "1854"]
[Annotator "NA"]
[PlyCount "91"]
[EventDate "2021.12.18"]
[EventType "swiss"]
[EventCountry "POL"]
[SourceTitle "playchess.com"]
[Source "ChessBase"]
[SourceQuality "1"]
[TimeControl "900+10"]

1. e4 e5 2. Nf3 Nc6 3. Bc4 Bc5 4. c3 Nf6 5. d4 exd4 6. b4 Bb6 7. e5 d5 8. Bb5 Ne4 9. Nxd4 Bd7 10. Bxc6 bxc6 11. O-O O-O 12. f3 Ng5 13. Nd2 a5 14. N2b3 axb4 15. cxb4 Ne6 16. Be3 Qe7 17. Qe1 Nxd4 18. Bxd4 Bxd4+ 19. Nxd4 c5 20. bxc5 Qxc5 21. Qf2 Ra4 22. Nb3 Qe7 23. Rfe1 Rfa8 24. Qc5 Qe6 25. Qxc7 Rc8 26. Qd6 Qxd6 27. exd6 Ra6 28. a4 Rxd6 29. a5 Ra8 30. Nc5 Bb5 31. a6 Rc6 32. Rec1 Bc4 33. Ra5 Ra7 34. Kf2 Kf8 35. Ke3 Ke7 36. Kd4 Kd6 37. Rb1 Rxc5 38. Rxc5 Rxa6 39. Rb7 Ke6 40. Rcc7 Ra2 41. Rb6+ Kf5 42. Rxf7+ Kg5 43. Rxg7+ Kh5 44. Rxh7+ Kg5 45. Rg7+ Kh5 46.
g4+ 1-0

[Event "European Rapid Championship 2021"]
[Site "Katowice"]
[Date "2021.12.18"]
[Round "4.16"]
[White "Gretarsson, Helgi Ass"]
[Black "Katolik, Kamil"]
[Result "1-0"]
[ECO "D02"]
[WhiteElo "2476"]
[BlackElo "1751"]
[Annotator "ChessBase"]
[PlyCount "58"]
[EventDate "2021.12.18"]
[EventType "swiss"]
[EventCountry "POL"]
[SourceTitle "playchess.com"]
[Source "ChessBase"]
[SourceQuality "1"]
[TimeControl "900+10"]

1. d4 d5 2. Nf3 e6 3. g3 c6 4. Bg2 f5 5. O-O Nf6 6. c4 Bd6 7. b3 Qe7 8. Bb2 O-O 9. Qc1 Ne4 10. Ba3 Nd7 11. Bxd6 Qxd6 12. Qa3 Qxa3 13. Nxa3 b6 14. Rfc1 Bb7 15. Ne1 f4 16. Nd3 g5 17. Bh3 Rae8 18. cxd5 cxd5 19. Rc7 Bc8 20. Rxc8 Rxc8 21. Bxe6+ Kg7 22. Bxd7 Rc7 23. Bg4 fxg3 24. hxg3 a5 25. Kg2 Rc3 26. f3 Nf6 27. Bf5 Re8 28. Ne5 Re7 29. Nb5 Re3 1-0

[Event "European Rapid Championship 2021"]
[Site "Katowice"]
[Date "2021.12.18"]
[Round "4.16"]
[White "Czerw, Dawid"]
[Black "Mirzoev, Emil"]
[Result "0-1"]
[ECO "A53"]
[WhiteElo "2158"]
[BlackElo "2418"]
[Annotator "NA"]
[PlyCount "58"]
[EventDate "2021.12.18"]
[EventType "swiss"]
[EventCountry "POL"]
[SourceTitle "playchess.com"]
[Source "ChessBase"]
[SourceQuality "1"]
[TimeControl "900+10"]

1. d4 Nf6 2. c4 d6 3. Nc3 Bf5 4. g3 e5 5. Bg2 c6 6. e4 Be6 7. d5 cxd5 8. cxd5 Bd7 9. Nge2 Be7 10. O-O O-O 11. h3 b5 12. a3 a5 13. Be3 Na6 14. f4 Qb8 15.
fxe5 dxe5 16. d6 Bxd6 17. Rxf6 gxf6 18. Nd5 Be6 19. Nec3 Bc5 20. Nxf6+ Kg7 21. Bxc5 Nxc5 22. Qf3 Nd7 23. Rf1 Qd8 24. Ncd5 Bxd5 25. Qg4+ Kh8 26. Nxd7 Be6 27. Qh5 Bxd7 28. Qh6 f6 29. Rd1 Qe7 0-1

[Event "European Rapid Championship 2021"]
[Site "Katowice"]
[Date "2021.12.18"]
[Round "4.17"]
[White "Brodowski, Piotr"]
[Black "Kowalczyk, Mariusz"]
[Result "1-0"]
[ECO "E15"]
[WhiteElo "2414"]
[BlackElo "2047"]
[Annotator "NA"]
[PlyCount "71"]
[EventDate "2021.12.18"]
[EventType "swiss"]
[EventCountry "POL"]
[SourceTitle "playchess.com"]
[Source "ChessBase"]
[SourceQuality "1"]
[TimeControl "900+10"]

1. d4 Nf6 2. c4 e6 3. Nf3 b6 4. g3 Bb7 5. Bg2 g6 6. O-O Bg7 7. Nc3 Ne4 8.
Qd3 Nxc3 9. bxc3 O-O 10. e4 Nc6 11. h4 Ba6 12. h5 Na5 13.
Nd2 d5 14. exd5 exd5 15. Re1 Nxc4 16. Nxc4 Bxc4 17. Qf3 Re8 18. Bf4 Qd7 19. h6 Bf8 20. Be5 f5 21. Qf4 c6 22. Bh3 Qf7 23. Re3 Be7 24. g4 g5 25. Qxf5 Qxf5 26. gxf5 Bf8 27. f6 Bxh6 28. Rf3 Kf7 29. Re1 g4 30. Bxg4 Rg8 31. Rg3 Rxg4 32. Rxg4 Bd2 33. Rg7+ Ke6 34. Re7+ Kf5 35. f7 Kg6 36. Rd1 1-0

[Event "European Rapid Championship 2021"]
[Site "Katowice"]
[Date "2021.12.18"]
[Round "4.18"]
[White "Tworzydlo, Piotr"]
[Black "Dragnev, Valentin"]
[Result "0-1"]
[ECO "B01"]
[WhiteElo "2152"]
[BlackElo "2409"]
[Annotator "NA"]
[PlyCount "94"]
[EventDate "2021.12.18"]
[EventType "swiss"]
[EventCountry "POL"]
[SourceTitle "playchess.com"]
[Source "ChessBase"]
[SourceQuality "1"]
[TimeControl "900+10"]

1. e4 d5 2. exd5 Qxd5 3. Nf3 Bg4 4. Be2 Nc6 5. Nc3 Qh5 6.
Ne4 Nf6 7. Ng3 Qg6 8. h3 Bxf3 9. Bxf3 Nd4 10. d3 O-O-O 11. Be3 e6 12. O-O Kb8 13. a4 Nxf3+ 14. Qxf3 Bd6 15. Ne4 Nd5 16. a5 a6 17. Ra4 Qf5 18. Qxf5 exf5 19. Nxd6 Rxd6 20. Bd2 Re8 21. Re1 Rxe1+ 22. Bxe1 Rc6 23. Rc4 Re6 24. Kf1 g6 25. Rd4 Rd6 26. c4 Ne7 27. Rxd6 cxd6 28. Ke2 Kc7 29. Ke3 Kd7 30. Bc3 Ke6 31. h4 h5 32. b4 Nc6 33. Kf4 d5 34. Ke3 d4+ 35. Bxd4 f4+ 36. Ke4 f5+ 37. Kxf4 Nxd4 38. f3 Nc6 39. b5 axb5 40. cxb5 Nxa5 41. g4 Kf6 42. gxh5 gxh5 43. Ke3 b6 44. Kd4 Ke6 45. Ke3 Nb7 46. Kf4 Kf6 47. Ke3 Nd6 0-1

[Event "European Rapid Championship 2021"]
[Site "Katowice"]
[Date "2021.12.18"]
[Round "4.18"]
[White "Mirski, Michal"]
[Black "Kjartansson, Gudmundur"]
[Result "0-1"]
[ECO "B19"]
[WhiteElo "1852"]
[BlackElo "2402"]
[Annotator "NA"]
[PlyCount "140"]
[EventDate "2021.12.18"]
[EventType "swiss"]
[EventCountry "POL"]
[SourceTitle "playchess.com"]
[Source "ChessBase"]
[SourceQuality "1"]
[TimeControl "900+10"]

1. e4 c6 2. d4 d5 3. Nc3 dxe4 4. Nxe4 Bf5 5. Ng3 Bg6 6. h4 h6 7. Nf3 Nd7 8. Bd3 Bxd3 9. Qxd3 e6 10. Bd2 Ngf6 11. O-O-O Be7 12. Kb1 Qc7 13. Ne4 O-O-O 14. Rhe1 Ng4 15. Qe2 Rhe8 16. g3 f5 17. Nc3 Bf6 18. Bf4 Qb6 19. Nd2 Qb4 20. a3 Qf8 21. Nc4 Nb6 22. Nd6+ Rxd6 23. Bxd6 Qxd6 24. f3 Qxg3 25. fxg4 Qxg4 26. Qxg4 fxg4 27. h5 Nc4 28. Ne4 Kc7 29. Rg1 Re7 30. Rd3 c5 31. Nxc5 e5 32. Ne4 exd4 33. Nxf6 gxf6 34. Rxg4 Ne5 35. Re4 f5 36. Re2 f4 37. Rxd4 f3 38. Rf2 Rg7 39. Rd5 Rg5 40. c4 Rxh5 41. Ka2 Rg5 42. Kb3 h5 43. Kc3 h4 44. Rd4 Rg2 45. Rf1 h3 46. Rh4 h2 47. Kd4 Rg1 48.
Kxe5 Rxf1 49. Rxh2 f2 50.
Kf4 Kc6 51. b4 Rc1 52. Rxf2 Rxc4+ 53. Ke5 a6 54. Rf3 Kb5 55. Kd5 Rc1 56. Kd4 Ka4 57. Rf7 b5 58. Rf6 Kxa3 59. Rxa6+ Kxb4 60. Rh6 Rd1+ 61. Ke3 Rd8 62. Rh4+ Ka3 63. Rh7 b4 64. Ra7+ Kb2 65. Rb7 b3 66. Ke2 Kc2 67. Rc7+ Kb1 68. Rb7 b2 69. Rb6 Ra8 70. Kd2 Ka1 0-1

[Event "European Rapid Championship 2021"]
[Site "Katowice"]
[Date "2021.12.18"]
[Round "4.19"]
[White "Blohberger, Felix"]
[Black "Woloch, Oskar"]
[Result "1-0"]
[ECO "D02"]
[WhiteElo "2409"]
[BlackElo "2036"]
[Annotator "NA"]
[PlyCount "75"]
[EventDate "2021.12.18"]
[EventType "swiss"]
[EventCountry "POL"]
[SourceTitle "playchess.com"]
[Source "ChessBase"]
[SourceQuality "1"]
[TimeControl "900+10"]

1. d4 d5 2. Nf3 Nf6 3. Bf4 c6 4. e3 Bg4 5. c4 e6 6. Nc3 Nbd7 7. Qb3 Bxf3 8. gxf3 Qb6 9. c5 Qxb3 10. axb3 Nh5 11. Bc7 Rc8 12. Bg3 a6 13. f4 f6 14. Be2 Nxg3 15. hxg3 Kf7 16. Kd2 Re8 17. g4 e5 18. Bd3 g6 19. f5 Be7 20. Rxh7+ Rxh7 21. fxg6+ Kg7 22. gxh7 e4 23. Bc2 Nf8 24. f3 exf3 25. Rh1 Ne6 26. Ke1 Ng5 27. Kf2 Bd8 28. Bg6 Rh8 29. Bf5 Bc7 30. e4 dxe4 31. Nxe4 Nxh7 32. Rxh7+ Rxh7 33. Bxh7 Kxh7 34. Nxf6+ Kg6 35. Ne4 Bf4 36.
Kxf3 Bc1 37. Nd6 Bxb2 38. Ke4 1-0

[Event "European Rapid Championship 2021"]
[Site "Katowice"]
[Date "2021.12.18"]
[Round "4.19"]
[White "Wiewiora, Eneasz"]
[Black "Starosta, Martyna"]
[Result "1-0"]
[ECO "C55"]
[WhiteElo "2333"]
[BlackElo "1851"]
[Annotator "NA"]
[PlyCount "49"]
[EventDate "2021.12.18"]
[EventType "swiss"]
[EventCountry "POL"]
[SourceTitle "playchess.com"]
[Source "ChessBase"]
[SourceQuality "1"]
[TimeControl "900+10"]

1. e4 e5 2. Nf3 Nc6 3. Bc4 Nf6 4. d3 Be7 5. O-O O-O 6. Re1 d6 7. a4 Kh8 8. Nbd2 Ng8 9. c3 f5 10. b4 f4 11. b5 Nb8 12. d4 Nd7 13. Ba2 g5 14. dxe5 dxe5 15. Nc4 Bf6 16. Ba3 Re8 17. h3 Ne7 18. Nfxe5 Nxe5 19. Qxd8 Rxd8 20. Nxe5 Kg7 21. Nf7 Bxc3 22. Nxd8 Bxa1 23. Rxa1 Ng6 24. Rc1 Bd7 25. Nxb7 1-0

[Event "European Rapid Championship 2021"]
[Site "Katowice"]
[Date "2021.12.18"]
[Round "4.20"]
[White "Bjerre, Jonas Buhl"]
[Black "Panek, Bartosz"]
[Result "1-0"]
[ECO "D85"]
[WhiteElo "2330"]
[BlackElo "1838"]
[Annotator "NA"]
[PlyCount "71"]
[EventDate "2021.12.18"]
[EventType "swiss"]
[EventCountry "POL"]
[SourceTitle "playchess.com"]
[Source "ChessBase"]
[SourceQuality "1"]
[TimeControl "900+10"]

1. d4 Nf6 2. c4 g6 3. Nc3 d5 4. cxd5 Nxd5 5. Nf3 Bg7 6. e4 Nxc3 7. bxc3 c5 8. Be3 cxd4 9. cxd4 Qa5+ 10. Bd2 Qd8 11. Rc1 Nc6 12. d5 Ne5 13. Nxe5 Bxe5 14. Bh6 Qa5+ 15. Qd2 Qxd2+ 16. Kxd2 Rg8 17. f4 Bd4 18. Bc4 Bd7 19. Rb1 Bb6 20. Rhc1 Rd8 21. h3 f6 22. h4 e6 23. d6 Kf7 24. e5 Bc6 25. g4 Rge8 26. Bb5 Rc8 27. Bxc6 Rxc6 28. Rxc6 bxc6 29. a4 Rd8 30. Kd3 Rd7 31. Kc4 Ke8 32. a5 Bxa5 33.
Kc5 Bb6+ 34. Kxc6 Rf7 35. f5 gxf5 36. gxf5 1-0

[Event "European Rapid Championship 2021"]
[Site "Katowice"]
[Date "2021.12.18"]
[Round "4.20"]
[White "Koziorowicz, Michal"]
[Black "Diermair, Andreas"]
[Result "1-0"]
[ECO "C04"]
[WhiteElo "2041"]
[BlackElo "2408"]
[Annotator "NA"]
[PlyCount "99"]
[EventDate "2021.12.18"]
[EventType "swiss"]
[EventCountry "POL"]
[SourceTitle "playchess.com"]
[Source "ChessBase"]
[SourceQuality "1"]
[TimeControl "900+10"]

1. e4 e6 2. d4 d5 3. Nd2 Nc6 4. Ngf3 Nf6 5. e5 Nd7 6. Bd3 Nb4 7. Be2 c5 8. c3 Nc6 9. O-O g6 10. b3 Bg7 11. a4 O-O 12. Ba3 b6 13.
b4 c4 14. Ne1 f6 15. f4 fxe5 16. fxe5 Qg5 17. Rxf8+ Nxf8 18. Nf1 Nxe5 19. dxe5 Qxe5 20. Bb2 Bd7 21. Nf3 Qf6 22. Qd2 Rd8 23. Ng3 Be8 24. a5 b5 25. Rd1 e5 26. Ne4 Qe7 27. Nc5 Bc6 28. Re1 Qd6 29. Qg5 h6 30.
Qg3 Qf6 31. Rf1 Qe7 32. Nh4 Be8 33. Bc1 d4 34. Bf3 d3 35.
Bd2 Rd6 36. Be4 Kh7 37. Nf3 Kg8 38. h4 Bc6 39. h5 g5 40.
Bxc6 Rxc6 41. Nxg5 hxg5 42. Bxg5 Qe8 43. h6 Rg6 44. hxg7 Rxg7 45. Ne4 Qg6 46. Nf6+ Kh8 47. Qh3+ Nh7 48. Qc8+ Rg8 49. Nxg8 Qxg5 50. Nf6+ 1-0

[Event "European Rapid Championship 2021"]
[Site "Katowice"]
[Date "2021.12.18"]
[Round "4.21"]
[White "Wieczorek, Oskar"]
[Black "Jonsson, Gauti Pall"]
[Result "1-0"]
[ECO "B01"]
[WhiteElo "2367"]
[BlackElo "2014"]
[Annotator "NA"]
[PlyCount "53"]
[EventDate "2021.12.18"]
[EventType "swiss"]
[EventCountry "POL"]
[SourceTitle "playchess.com"]
[Source "ChessBase"]
[SourceQuality "1"]
[TimeControl "900+10"]

1. e4 d5 2. exd5 Qxd5 3. Nc3 Qd8 4. d4 Nf6 5. Bc4 a6 6. a4 Nc6 7. Nf3 Bf5 8. d5 Nb4 9. Nd4 Bg4 10. f3 e5 11. dxe6 Bxe6 12. Nxe6 fxe6 13. Qe2 Be7 14. Bxe6 Qd6 15. Bb3 O-O-O 16. O-O Rhe8 17. Qe6+ Qxe6 18. Bxe6+ Kb8 19. Bb3 Bc5+ 20. Kh1 Nh5 21. Bg5 Re5 22. Bxd8 Ng3+ 23. hxg3 Rh5+ 24. Bh4 g5 25. Rae1 gxh4 26. g4 Rh6 27. Re6 1-0

[Event "European Rapid Championship 2021"]
[Site "Katowice"]
[Date "2021.12.18"]
[Round "4.22"]
[White "Teclaf, Pawel"]
[Black "Karolczuk, Iwo"]
[Result "1-0"]
[ECO "A01"]
[WhiteElo "2345"]
[BlackElo "2007"]
[Annotator "NA"]
[PlyCount "127"]
[EventDate "2021.12.18"]
[EventType "swiss"]
[EventCountry "POL"]
[SourceTitle "playchess.com"]
[Source "ChessBase"]
[SourceQuality "1"]
[TimeControl "900+10"]

1. b3 c5 2. Bb2 Nc6 3. Nf3 d6 4. d4 cxd4 5. Nxd4 e5 6. Nxc6 bxc6 7. g3 Nf6 8. Bg2 Qc7 9. c4 Be7 10. Nc3 O-O 11. O-O Rb8 12. Qd2 Be6 13.
Rac1 Qd7 14. Rfd1 Rfd8 15. Ne4 Nxe4 16. Bxe4 f5 17. Bg2 Bf6 18. e3 Rbc8 19. Qa5 Qc7 20. Qa4 h5 21. Rd2 h4 22. Bc3 Rf8 23.
Qb4 Be7 24. Qa5 Qb8 25. Rcd1 e4 26. Bd4 c5 27. Bb2 Rcd8 28.
Bc3 Qb6 29. Qa3 hxg3 30. hxg3 Qb8 31. Bf1 Kf7 32. b4 Kg8 33. bxc5 dxc5 34. Rxd8 Rxd8 35. Rxd8+ Qxd8 36. Qxa7 Bf8 37. Be2 Qe8 38. Qb7 Qg6 39. Be5 Qe8 40. Qb3 Bd7 41. Qb8 Qxb8 42. Bxb8 Ba4 43. Kf1 Kf7 44. Ke1 Ke6 45. Bd1 Bxd1 46. Kxd1 Kd7 47. Ke2 g6 48. f3 Be7 49. g4 Bd8 50. gxf5 exf3+ 51. Kxf3 gxf5 52. a4 Ba5 53. Be5 Bd2 54. Ke2 Ba5 55. Bg7 Kc6 56. Kf3 Bc7 57. Bc3 Kb6 58. Kg2 Kc6 59. Kh3 Kd6 60. Kh4 Ke6 61. Kg5 Bd8+ 62. Kg6 Bc7 63. a5 f4 64. a6 1-0

[Event "European Rapid Championship 2021"]
[Site "Katowice"]
[Date "2021.12.18"]
[Round "4.22"]
[White "Koubova, Anna Marie"]
[Black "Skawinski, Arkadiusz"]
[Result "0-1"]
[ECO "D31"]
[WhiteElo "1837"]
[BlackElo "2367"]
[Annotator "NA"]
[PlyCount "70"]
[EventDate "2021.12.18"]
[EventType "swiss"]
[EventCountry "POL"]
[SourceTitle "playchess.com"]
[Source "ChessBase"]
[SourceQuality "1"]
[TimeControl "900+10"]

1. d4 d5 2. c4 e6 3. Nc3 c6 4. e4 dxe4 5. Nxe4 Bb4+ 6. Nc3 c5 7. Be3 Nf6 8. a3 Ba5 9. Nge2 Nc6 10. dxc5 Qe7 11. b4 Bc7 12. Nd4 O-O 13.
Nxc6 bxc6 14. Be2 e5 15. O-O e4 16. Qc2 Re8 17. Bd4 Bf5 18.
Qa4 Rad8 19. Bxf6 Qxf6 20. Rac1 Bf4 21. Qxa7 Bxc1 22. Rxc1 Ra8 23. Qc7 Rxa3 24. Nd1 Ra2 25. Bf1 h5 26. b5 Rc8 27. Qf4 Bg6 28. Qxf6 gxf6 29. Ne3 f5 30. g3 Kg7 31. Bh3 Kf6 32. b6 Ra5 33. Rd1 Rxc5 34. Rd6+ Ke7 35. Rd4 Rb8 0-1

[Event "European Rapid Championship 2021"]
[Site "Katowice"]
[Date "2021.12.18"]
[Round "4.23"]
[White "Szwed, Jacek"]
[Black "Smieja, Adam"]
[Result "1-0"]
[ECO "B30"]
[WhiteElo "2372"]
[BlackElo "1818"]
[Annotator "ChessBase"]
[PlyCount "141"]
[EventDate "2021.12.18"]
[EventType "swiss"]
[EventCountry "POL"]
[SourceTitle "playchess.com"]
[Source "ChessBase"]
[SourceQuality "1"]
[TimeControl "900+10"]

1. e4 c5 2. Nf3 Nc6 3. Bb5 a6 4. Bxc6 dxc6 5. h3 Qc7 6.
O-O e5 7. d3 f6 8. a4 Bd6 9. Nbd2 Ne7 10. Nc4 g5 11. Nxd6+ Qxd6 12. Nd2 h5 13. Nc4 Qc7 14. Be3 b5 15. Nd2 Ng6 16. Bxc5 g4 17. h4 Nxh4 18. d4 Ng6 19. dxe5 Nxe5 20. Nb3 Qg7 21. Bd6 h4 22. Bxe5 fxe5 23. Qd6 h3 24. g3 h2+ 25. Kg2 Bd7 26. Nc5 Rd8 27. Nd3 Qh7 28.
Qxe5+ Kf8 29. Qf6+ Ke8 30. Nf4 Qxe4+ 31. f3 gxf3+ 32. Kf2 Qxc2+ 33. Kxf3 Bg4+ 34. Kxg4 Rg8+ 35. Kh4 Qh7+ 36.
Nh5 h1=Q+ 37. Rxh1 Qe4+ 38. Qf4 Qe7+ 39. Nf6+ Kf7 40. Rhf1 Rh8+ 41. Kg4 Qe6+ 42. Kf3 Rd3+ 43. Kg2 Qh3+ 44. Kf2 Qh2+ 45. Ke1 Qxb2 46. Ne4+ Ke8 47. Qb8+ Ke7 48. Qa7+ Rd7 49. Qc5+ Kd8 50. Qc3 Qxc3+ 51. Nxc3 Re8+ 52. Ne2 Rde7 53. Rf2 Rh8 54. axb5 Rh1+ 55. Rf1 Rh2 56. Rd1+ Kc7 57. b6+ Kxb6 58. Rd2 a5 59. Kd1 a4 60. Nc3 Rxd2+ 61. Kxd2 a3 62. Ra1 Rg7 63. Ne2 Rd7+ 64. Kc2 Re7 65. Nc3 Rg7 66. Rxa3 Kc5 67. Ne4+ Kd5 68. Kd3 Rf7 69. Ra5+ c5 70. Rxc5+ Ke6 71. Ng5+ 1-0

[Event "European Rapid Championship 2021"]
[Site "Katowice"]
[Date "2021.12.18"]
[Round "4.23"]
[White "Baum, Jonasz"]
[Black "Rudecki, Bartosz"]
[Result "0-1"]
[ECO "D31"]
[WhiteElo "2343"]
[BlackElo "1820"]
[Annotator "NA"]
[PlyCount "116"]
[EventDate "2021.12.18"]
[EventType "swiss"]
[EventCountry "POL"]
[SourceTitle "playchess.com"]
[Source "ChessBase"]
[SourceQuality "1"]
[TimeControl "900+10"]

1. d4 d5 2. c4 e6 3. Nc3 a6 4. cxd5 exd5 5. Nf3 Nf6 6. Bg5 Be6 7. e3 Nbd7 8. Bd3 Bd6 9. O-O c6 10. Qc2 Qc7 11. Bh4 Bg4 12. Bg3 O-O 13.
Nh4 Bxg3 14. hxg3 Rae8 15. Rae1 g6 16. Nf3 Qd6 17. Nd2 Kg7 18.
Nb3 h5 19. Ne2 Bxe2 20. Qxe2 Ne4 21. Qf3 f5 22. Qf4 Kf6 23. f3 Qxf4 24. gxf4 Ng3 25. Rf2 Re7 26. Rc2 Rfe8 27. Kf2 h4 28. Rcc1 Kf7 29. Na1 Kf6 30. b4 g5 31. fxg5+ Kxg5 32. Nc2 Nf6 33. a4 f4 34. exf4+ Kxf4 35. Rxe7 Rxe7 36. b5 axb5 37. axb5 cxb5 38. Nb4 Re3 39. Rd1 h3 40. gxh3 Rxf3+ 41. Kg2 Nge4 42. Bxb5 Nc3 43. Rd3 Rxd3 44. Bxd3 Ke3 45. Bg6 Kxd4 46. h4 Ne2 47. Kf3 Nc3 48. Kf4 Kc5 49. Nd3+ Kd4 50. Ne1 Nce4 51. Nf3+ Kc5 52. Ke5 b5 53. Ne1 b4 54. Bxe4 dxe4 55. Kxf6 b3 56. h5 b2 57. h6 b1=Q 58. h7 Qxe1 0-1

[Event "European Rapid Championship 2021"]
[Site "Katowice"]
[Date "2021.12.18"]
[Round "4.24"]
[White "Szczygiel, Konrad"]
[Black "Molenda, Marcin"]
[Result "0-1"]
[ECO "E77"]
[WhiteElo "1835"]
[BlackElo "2365"]
[Annotator "NA"]
[PlyCount "77"]
[EventDate "2021.12.18"]
[EventType "swiss"]
[EventCountry "POL"]
[SourceTitle "playchess.com"]
[Source "ChessBase"]
[SourceQuality "1"]
[TimeControl "900+10"]

1. d4 Nf6 2. c4 g6 3. Nc3 Bg7 4. e4 d6 5. f4 O-O 6. Nf3 c5 7. d5 e6 8. Be2 exd5 9. cxd5 b5 10. Bxb5 Nxe4 11. Nxe4 Qa5+ 12. Kf2 Qxb5 13. Nxd6 Qb6 14. Nxc8 Rxc8 15. Re1 c4+ 16. Kf1 c3 17. bxc3 Bxc3 18. Be3 Qb5+ 19. Re2 Bxa1 20. Qxa1 Qxd5 21. Bd4 Nd7 22. Bh8 f6 23. Bxf6 Nxf6 24. Qxf6 Rc1+ 25. Kf2 Rf8 26. Qe5 Qc4 27. g3 Rc2 28. Rxc2 Qxc2+ 29. Qe2 Rc8 30. Nd4 Qxe2+ 31. Kxe2 Rc4 32. Ke3 Ra4 33. g4 Rxa2 34. Nf3 a5 35. f5 gxf5 36. gxf5 a4 37. Kf4 Rf2 38. Ke3 Rxf3+ 39. Kd4 0-1

[Event "European Rapid Championship 2021"]
[Site "Katowice"]
[Date "2021.12.18"]
[Round "4.24"]
[White "Nytra, Ondrej"]
[Black "Piesik, Piotr"]
[Result "1/2-1/2"]
[ECO "B12"]
[WhiteElo "1798"]
[BlackElo "2342"]
[Annotator "ChessBase"]
[PlyCount "142"]
[EventDate "2021.12.18"]
[EventType "swiss"]
[EventCountry "POL"]
[SourceTitle "playchess.com"]
[Source "ChessBase"]
[SourceQuality "1"]
[TimeControl "900+10"]

1. e4 c6 2. d4 d5 3. e5 Bf5 4. c3 e6 5. Be3 Nd7 6. Nd2 f6 7. f4 Qb6 8. Qb3 g5 9. Be2 gxf4 10. Bxf4 fxe5 11. dxe5 Nc5 12. Qxb6 axb6 13. Ngf3 Na4 14. Nd4 Nxb2 15. Nxf5 exf5 16. O-O Bc5+ 17. Kh1 Ne7 18. Bg5 Na4 19. c4 Nc3 20. Bh5+ Kd7 21. cxd5 Ncxd5 22. Nc4 Rhf8 23. h3 Ra4 24. Bh6 Rfa8 25. e6+ Kxe6 26. Rae1+ Kd7 27. Ne5+ Kc7 28. Bf7 Rxa2 29. Be6 Rf2 30. Rxf2 Bxf2 31. Rf1 Bd4 32. Nf7 Ra1 33. Rxa1 Bxa1 34. Ng5 b5 35. Bf8 b4 36. Nxh7 f4 37. Ng5 Bf6 38. Ne4 Bh4 39. Bg7 b6 40. Be5+ Kb7 41. Bd6 Ka6 42. Kg1 c5 43. Kf1 Ka5 44. Ke2 Kb5 45. Bd7+ Kc4 46. Nd2+ Kc3 47. Be5+ Kc2 48. Ba4+ Kc1 49. Nb3+ Kb1 50. Nd2+ Ka2 51. Kd3 Bf6 52. Bb3+ Ka3 53. Bxf6 c4+ 54. Bxc4 Nxf6 55. Bb3 Nf5 56. Be6 Nd6 57. h4 b5 58. Bb3 Nf5 59. h5 Nxh5 60. Ke4 Ne3 61. Bf7 Nf6+ 62. Kxf4 Nxg2+ 63. Ke5 Ng4+ 64. Kd4 Nh4 65. Kc5 Nf5 66. Be6 Nge3 67. Bd7 b3 68. Kxb5 b2 69. Bxf5 Nxf5 70. Nc4+ Kb3 71. Nxb2 Kxb2 1/2-1/2

[Event "European Rapid Championship 2021"]
[Site "Katowice"]
[Date "2021.12.18"]
[Round "4.25"]
[White "Karykowska, Anna"]
[Black "Sharankov, Grigory"]
[Result "0-1"]
[ECO "C00"]
[WhiteElo "1990"]
[BlackElo "2220"]
[Annotator "NA"]
[PlyCount "90"]
[EventDate "2021.12.18"]
[EventType "swiss"]
[EventCountry "POL"]
[SourceTitle "playchess.com"]
[Source "ChessBase"]
[SourceQuality "1"]
[TimeControl "900+10"]

1. e4 e6 2. d4 d5 3. Bd3 c5 4. exd5 exd5 5. Nf3 Nc6 6. dxc5 Bxc5 7. O-O Nf6 8. Bg5 O-O 9. Nbd2 h6 10. Bh4 Bb6 11. a3 Re8 12. b4 g5 13.
Bg3 Ne4 14. c4 Nxg3 15. hxg3 Be6 16. c5 Bc7 17. Nb3 Qf6 18.
b5 Ne5 19. Nxe5 Bxe5 20. Rb1 Kg7 21. Na5 b6 22. Nb3 h5 23.
Qf3 Rh8 24. Qxf6+ Bxf6 25. c6 h4 26. gxh4 Rxh4 27. f3 Ra4 28.
Kf2 Rh8 29. Rh1 Rxa3 30. Rxh8 Kxh8 31. Ke2 Kg7 32. Nd2 Be5 33. Rc1 Bc7 34. g4 Kf6 35. Nf1 Ke5 36. Ne3 Bd6 37. c7 Bc5 38. Nf5 Bc8 39. Rc2 Ke6 40. Nh6 Ke7 41. Bf5 Bxf5 42. Nxf5+ Kd7 43. Nh6 Re3+ 44. Kf2 Rc3+ 45. Kg3 Rxc2 0-1

[Event "European Rapid Championship 2021"]
[Site "Katowice"]
[Date "2021.12.18"]
[Round "4.26"]
[White "Andersen, Mads"]
[Black "Semjonovs, Ilja"]
[Result "1-0"]
[ECO "A58"]
[WhiteElo "2574"]
[BlackElo "2383"]
[Annotator "ChessBase"]
[PlyCount "35"]
[EventDate "2021.12.18"]
[EventType "swiss"]
[EventCountry "POL"]
[SourceTitle "playchess.com"]
[Source "ChessBase"]
[SourceQuality "1"]
[TimeControl "900+10"]

1. d4 Nf6 2. c4 c5 3. d5 b5 4. cxb5 a6 5. bxa6 g6 6. Nc3 Bg7 7. e4 O-O 8. Bc4 Qa5 9. a7 Nxe4 10. axb8=Q Rxb8 11. Nge2 Nxc3 12. bxc3 Bxc3+ 13.
Bd2 Bxd2+ 14. Qxd2 Qa4 15. Rc1 Rb4 16. Bb3 Qb5 17. O-O c4 18.
Bc2 1-0